 Dungeon Crawl Stone Soup version 0.20.0-1-g1cb1d84 (webtiles) character file.

242 straycat the Cutter (level 5, 0/38 HPs)
             Began as a Vampire Wanderer on May 26, 2017.
             Slain by a worker ant (5 damage)
             ... on level 4 of the Dungeon.
             The game lasted 00:26:31 (5085 turns).

straycat the Cutter (Vampire Wanderer)              Turns: 5085, Time: 00:26:32

Health: 0/38       AC:  3    Str: 12    XL:     5   Next: 82%
Magic:  3/7        EV: 13    Int: 15    God:
Gold:   208        SH:  0    Dex: 13    Spells: 6/7 levels left

rFire    . . .     SeeInvis +   B - +0 falchion
rCold    . . .     Gourm    .   (no shield)
rNeg     . . .     Faith    .   z - +0 leather armour
rPois    .         Spirit   .   (no helmet)
rElec    .         Reflect  .   (no cloak)
rCorr    .         Harm     .   (no gloves)
MR       .....                  (no boots)
Stlth    ++........             (no amulet)
Regen    0.4/turn               (no ring)
MPRegen  0.1/turn               (no ring)

@: lethally poisoned (0 -> -8), very slightly contaminated, regenerating quickly
A: fangs 3, see invisible, unbreathing
a: no special abilities


You were on level 4 of the Dungeon.
You were full.

You visited 1 branch of the dungeon, and saw 4 of its levels.

You collected 208 gold pieces.

Inventory:

Hand Weapons
 a - a +2 short sword
 t - a cursed -1 war axe
 A - a +2 whip of venom
 B - a +0 falchion (weapon)
Missiles
 g - 36 bolts
 j - 4 needles of confusion
 k - 131 stones
 l - 61 sling bullets
 o - 3 javelins (quivered)
Armour
 p - a cursed +0 scale mail
 z - a +0 leather armour (worn)
Wands
 r - a wand of disintegration (8/24)
Scrolls
 f - 2 scrolls of recharging {unknown}
 h - 2 scrolls of remove curse {unknown}
 i - a scroll of blinking {unknown}
 m - 4 scrolls of amnesia {unknown}
 q - a scroll of random uselessness {unknown}
 s - 3 scrolls of identify {unknown}
 u - a scroll of teleportation {unknown}
 w - 2 scrolls of enchant armour {unknown}
 y - a scroll of noise {unknown}
Potions
 c - a potion of lignification
 d - 2 potions of ambrosia {unknown}
 e - 11 potions of blood
 n - a potion of cancellation {unknown}
 v - 2 potions of curing {unknown}
 x - a potion of degeneration {unknown}
Books
 b - Sif Muna's Papyrus of Limitation

   Spells                             Type                      Level
   a - Shock                          Conjuration/Air              1
   b - Mephitic Cloud                 Conjuration/Poison/Air       3


   Skills:
 - Level 2.1 Fighting
 - Level 3.5 Short Blades
 - Level 0.7 Armour
 * Level 3.5 Dodging
 + Level 2.4 Stealth
   Level 1.0 Shields
 * Level 2.9 Unarmed Combat
 - Level 1.5 Spellcasting
 - Level 0.7 Conjurations
   Level 2.0 Summonings
 - Level 0.4 Air Magic
 - Level 1.0 Evocations


You had 6 spell levels left.
You knew the following spells:

 Your Spells              Type           Power        Failure   Level  Hunger
a - Shock                 Conj/Air       #...         24%         1    ##.....


Dungeon Overview and Level Annotations

Branches:
Dungeon (4/15)
 Temple: D:4-7

Altars:
Gozag
The Shining One


Innate Abilities, Weirdness & Mutations

Your natural rate of healing is unusually fast.
You have razor-sharp teeth.
You have supernaturally acute eyesight. (SInv)
You can survive without breathing.


Message History

The worker ant is almost dead.
You feel sick. The worker ant bites you.
* * * LOW HITPOINT WARNING * * *
You are lethally poisoned!
The worker ant poisons you!
You barely miss the worker ant.
The worker ant is almost dead.
* * * LOW HITPOINT WARNING * * *
You feel sick. The worker ant barely misses you.
You closely miss the worker ant. Your bite misses the worker ant.
The worker ant is almost dead.
* * * LOW HITPOINT WARNING * * *
You feel sick. The worker ant bites you.
* * * LOW HITPOINT WARNING * * *
The worker ant closely misses you.
You barely miss the worker ant.
The worker ant is almost dead.
* * * LOW HITPOINT WARNING * * *
You feel sick. The worker ant bites you.
You die...

<.##...##.< ..#...#... ###
.#..%#.. ##
#####.###.....###.#
#...a.............#
#..@.......⌠......#
#.................# #
#.....###.)...# #..
#....##..#...#..# ...
###.##...#...# ..# #.##
#.##<.##...## >#
#...######.######....# #
#......)...#...#####.#
##...###)####.........######


You could see a worker ant.

Vanquished Creatures
  2 orc priests
  A worker ant (D:4)
  4 adders
  An ooze (D:1)
  4 worms
  3 dart slugs
  3 leopard geckos
  13 orcs
  A ball python (D:2)
  6 giant cockroaches
  9 goblins
  8 hobgoblins
  7 jackals
  A quokka (D:2)
  8 bats
  3 frilled lizards
  7 kobolds
  4 rats
85 creatures vanquished.

Notes
Turn   | Place    | Note
-------+----------+-------------------------------------------
     0 | D:1      | straycat the Vampire Wanderer began the quest for the Orb.
     0 | D:1      | straycat set off with: a +2 short sword, Sif Muna's Papyrus of Limitation, a potion of lignification, a +0 robe, a potion of blood
     0 | D:1      | Reached XP level 1. HP: 16/16 MP: 2/2
     1 | D:1      | Identified Sif Muna's Papyrus of Limitation
     3 | D:1      | Learned a level 1 spell: Shock
   186 | D:1      | Reached XP level 2. HP: 14/22 MP: 3/3
   452 | D:1      | Reached skill level 1 in Dodging
  1039 | D:2      | Reached XP level 3. HP: 24/27 MP: 0/5
  1128 | D:2      | Reached skill level 1 in Unarmed Combat
  1741 | D:2      | Reached XP level 4. HP: 27/33 MP: 0/6
  2140 | D:3      | Reached skill level 1 in Stealth
  2648 | D:3      | Found a glowing golden altar of the Shining One.
  3223 | D:3      | Reached XP level 5. HP: 19/38 MP: 2/7
  3918 | D:4      | Found an opulent altar of Gozag.
  5085 | D:4      | Slain by a worker ant

Skill      XL: |  1  2  3  4  5 |
---------------+----------------+-----
Dodging        | 1 2 3 |  3.5
Unarmed Combat | 1 2 |  2.9
Fighting       | 2 |  2.1
Stealth        | 1 2 |  2.4
Short Blades   | |  3.5
Armour         | |  0.7
Shields        | |  1.0
Spellcasting   | |  1.5
Conjurations   | |  0.7
Summonings     | |  2.0
Air Magic      | |  0.4
Evocations     | |  1.0

Action                   |  1- 3 |  4- 6 || total
-------------------------+-------+-------++-------
Melee: Short sword       |    61 |    97 ||   158
       Bite              |     4 |    17 ||    21
       Falchion          |       |    25 ||    25
       Unarmed           |       |     6 ||     6
Throw: Stone             |     3 |       ||     3
       Javelin           |       |    12 ||    12
 Cast: Shock             |    51 |    99 ||   150
 Abil: End Transformatio |       |     1 ||     1
       Bat Form          |       |     1 ||     1
  Use: Potion            |     3 |    18 ||    21
 Stab: Sleeping          |       |     1 ||     1
  Eat: Corpse            |     2 |       ||     2
Armor: Robe              |     9 |     6 ||    15
       Leather armour    |       |    16 ||    16
Dodge: Dodged            |    41 |    97 ||   138
       Rpst.: Falchion   |       |     6 ||     6
